 Dungeon Crawl Stone Soup version 0.17-a0-1655-g88a8506 (webtiles) character file.

170 Neuromancien059 the Ducker (level 5, -3/53 HPs)
             Began as a Troll Fighter on Aug 15, 2015.
             Killed from afar by a white imp (14 damage)
             ... with a puff of frost
             ... summoned by Natasha
             ... on level 2 of the Dungeon.
             The game lasted 00:12:57 (1484 turns).

Neuromancien059 the Ducker (Troll Fighter)          Turns: 1484, Time: 00:12:58

Health: -3/53      AC:  5    Str: 24    XL:     5   Next: 26%
Magic:  4/4        EV:  9    Int:  4    God:
Gold:   123        SH:  9    Dex: 10    Spells: 0 memorised, 4 levels left

rFire  . . .     SeeInvis .     o - +0 spear (venom)
rCold  . . .     Clarity  .     b - +0 robe
rNeg   . . .     SustAt   .     c - +0 shield
rPois  .         Gourm    +     (helmet restricted)
rElec  .         Spirit   .     (no cloak)
rCorr  .         Warding  .     (gloves unavailable)
rMut   .         Stasis   .     (boots unavailable)
MR     .....                    (no amulet)
Stlth  +.........               (no ring)
                                j - ring of wizardry

@: not resistant to hostile enchantments, very unstealthy
A: unfitting armour, claws 3, fast metabolism 3, gourmand, regeneration 2,
shaggy fur 1, tough skin 2
a: no special abilities


You were on level 2 of the Dungeon.
You were hungry.

You visited 1 branch of the dungeon, and saw 2 of its levels.

You collected 123 gold pieces.

Inventory:

Hand weapons
 a - a +0 flail
 o - a +0 spear of venom (weapon)
Armour
 b - a +0 robe (worn)
 c - a +0 shield (worn)
 p - a +0 robe
Jewellery
 j - a ring of wizardry (left claw)
Scrolls
 f - a scroll of enchant armour {unknown}
 g - a scroll of identify {unknown}
 h - a scroll of random uselessness {unknown}
 k - 2 scrolls of remove curse {unknown}
 n - a scroll of amnesia {unknown}
 r - a scroll of magic mapping {unknown}
Potions
 d - a potion of might
 m - 2 potions of mutation {unknown}
Comestibles
 e - 4 bread rations
 i - 8 chunks of flesh
 l - a royal jelly


   Skills:
 + Level 3.2 Fighting
 + Level 2.1 Maces & Flails
 + Level 0.1 Polearms
 + Level 3.5 Dodging
 + Level 0.3 Stealth
 + Level 3.3 Shields


You had 4 spell levels left.
You didn't know any spells.

Dungeon Overview and Level Annotations

Branches:
Dungeon (2/15)

Altars:

Annotations:
D:2 Natasha


Innate Abilities, Weirdness & Mutations

You are too large for most types of armour.
You have claws for hands.
Your metabolism is lightning-fast.
You like to eat raw meat.
You heal very quickly.
You are covered in fur (AC +1).
You have very tough skin (AC +2).


Message History

Natasha hisses angrily.
The bat hits you but does no damage. You block the hobgoblin's attack.
Natasha mumbles some strange words.
You see here the felid corpse of Natasha.
You hit the hobgoblin but do no damage.
The hobgoblin is poisoned.
The bat barely misses you. The hobgoblin closely misses you.
You closely miss the hobgoblin.
The hobgoblin is heavily wounded.
You block the bat's attack. The white imp gestures at you.
The puff of frost hits you!
* * * LOW HITPOINT WARNING * * *
The hobgoblin barely misses you.
You closely miss the hobgoblin.
The hobgoblin is heavily wounded.
You are feeling hungry.
The bat hits you but does no damage. The white imp gestures at you.
The puff of frost hits you!
You die...

######### ##.......# ##
#........# #.. #...8....# ##..#
#..8.8...# ##..?.#### #.8._.8..#
.>.5.....######..8.8....
...h...gb.........8.....
.......@......>.........
##....########.########. ##.$ #.#
#### #. #)# ..
...####################)#####....
#................................
##.#####........#................
#....#.......<..........#.#.....
####.#....................#.....


You could see Natasha, a white imp, a hobgoblin and a bat.

Vanquished Creatures
  Natasha (D:2)
  4 gnolls (D:2)
  5 adders (D:2)
  3 worms (D:2)
  2 giant geckos (D:2)
  4 giant cockroaches (D:1)
  5 goblins
  4 hobgoblins
  9 jackals (D:1)
  8 bats
  A giant newt (D:2)
  4 kobolds
  6 rats
56 creatures vanquished.

Notes
Turn   | Place    | Note
--------------------------------------------------------------
     0 | D:1      | Neuromancien059 the Troll Fighter began the quest for the Orb.
     0 | D:1      | Reached XP level 1. HP: 22/22 MP: 0/0
   222 | D:1      | Reached XP level 2. HP: 29/29 MP: 1/1
   638 | D:1      | Reached XP level 3. HP: 36/36 MP: 2/2
  1113 | D:2      | Reached skill level 3 in Shields
  1239 | D:2      | Reached XP level 4. HP: 41/45 MP: 3/3
  1417 | D:2      | Found a faded altar to an unknown god.
  1442 | D:2      | Reached XP level 5. HP: 24/53 MP: 4/4
  1468 | D:2      | Noticed Natasha
  1480 | D:2      | Killed Natasha
  1481 | D:2      | Noticed Natasha
  1484 | D:2      | Killed from afar by a white imp

Vault maps used:
D:1:      nagdon_arrival_double_spiral, serial_forest,
          infiniplex_forest_clump_tiny, infiniplex_forest_lined_3_way,
          infiniplex_forest_clump_cross, infiniplex_forest_lined_ring,
          infiniplex_forest_pool, infiniplex_forest_corner_1
D:2:      ecumenical_altar_2, uniq_natasha

Action                   |  1- 3 |  4- 6 || total
-------------------------+-------+-------++-------
Melee: Flail             |   100 |       ||   100
       Spear             |    16 |    75 ||    91
 Stab: Sleeping          |     1 |       ||     1
  Eat: Chunk             |     6 |       ||     6
       Meat ration       |     1 |       ||     1
